MLB
CHICAGO CUBS @ NEW YORK YANKEES
06/27/2020
 
TOP OF THE 1ST
Chicago Cubs batting - Pitching for New York Yankees : LHP James Paxton
Pitching: LHP James Paxton
Batting: RHB Hernan Perez 0-0: Ball
1-0: Fly out, F7 (Flyball, 7S, EV 85.6 MPH)
Batting: LHB Kyle Schwarber 0-0: Called Strike
0-1: Swinging Strike
0-2: Foul Ball, location: 2F
0-2: Strikes out swinging
Batting: RHB Javier Baez 0-0: Called Strike
0-1: Swinging Strike
0-2: Ball
1-2: DOUBLE (Line Drive, 5D, EV 100.6 MPH)
Batting: LHB Anthony Rizzo 0-0: Foul Ball, location: 2F
0-1: Ball
1-1: Foul Ball, location: 2F
1-2: Strikes out swinging
Top of the 1st over - 0 runs, 1 hit, 0 errors, 1 left on base; Chicago 0 - New York 0
BOTTOM OF THE 1ST
New York Yankees batting - Pitching for Chicago Cubs : RHP Yu Darvish
Pitching: RHP Yu Darvish
Batting: LHB Mike Tauchman 0-0: Ball
1-0: Ball
2-0: Foul Ball, location: 2F
2-1: TRIPLE (Flyball, 9D, EV 98.1 MPH)
Batting: RHB DJ LeMahieu 0-0: SINGLE (Line Drive, 78S, EV 98.1 MPH)
Mike Tauchman scores
Batting: RHB Gleyber Torres 0-0: Ball
1-0: Ball
2-0: Called Strike
2-1: Swinging Strike
2-2: Ball
3-2: Foul Ball, location: 2F
3-2: SINGLE (Line Drive, 7LS, EV 90.6 MPH)
DJ LeMahieu to second
Batting: RHB Giancarlo Stanton 0-0: Ball
1-0: Fly out, F7 (Flyball, 7S, EV 75.0 MPH)
Batting: LHB Mike Ford 0-0: SINGLE (Line Drive, 8LS, EV 108.1 MPH)
DJ LeMahieu to third
Gleyber Torres to second
Batting: RHB Aaron Judge 0-0: Foul Ball, location: 2F
0-1: Ball
1-1: Foul Ball, location: 2F
1-2: Strikes out swinging
Batting: RHB Luke Voit 0-0: Ball
1-0: Called Strike
1-1: Ball
2-1: Called Strike
2-2: Ground out 4-3 (Groundball, 4, EV 108.8 MPH)
Bottom of the 1st over - 1 run, 4 hits, 0 errors, 3 left on base; Chicago 0 - New York 1
TOP OF THE 2ND
Chicago Cubs batting - Pitching for New York Yankees : LHP James Paxton
Batting: RHB Kris Bryant 0-0: Ball
1-0: Ball
2-0: Called Strike
2-1: Ball
3-1: Foul Ball, location: 2F
3-2: Hit by Pitch
Batting: SHB Victor Caratini 0-0: Ball
1-0: Foul Ball, location: 2F
1-1: Ball
2-1: Foul Ball, location: 2F
2-2: Ball
3-2: Foul Ball, location: 2F
3-2: Strikes out swinging
Batting: LHB Jason Heyward 0-0: Ball
1-0: Called Strike
1-1: Ball
2-1: Foul Ball, location: 2F
2-2: SINGLE (Line Drive, 89M, EV 104.4 MPH)
Kris Bryant to second
Batting: LHB Jason Kipnis 0-0: Swinging Strike
0-1: Swinging Strike
0-2: Ball
1-2: Ball
2-2: Foul Ball, location: 2F
2-2: SINGLE (Groundball, 6MD, EV 87.5 MPH) (infield hit)
Kris Bryant to third
Jason Heyward to second
Batting: RHB David Bote 0-0: Called Strike
0-1: Grounds into double play, 6-4-3 (Groundball, 6, EV 94.4 MPH)
Top of the 2nd over - 0 runs, 2 hits, 0 errors, 2 left on base; Chicago 0 - New York 1
BOTTOM OF THE 2ND
New York Yankees batting - Pitching for Chicago Cubs : RHP Yu Darvish
Batting: RHB Gary Sanchez 0-0: Fly out, F7 (Flyball, 7LD, EV 85.0 MPH)
Batting: RHB Miguel Andujar 0-0: Foul Ball, location: 2F
0-1: SINGLE (Line Drive, 7S, EV 105.6 MPH)
Batting: LHB Mike Tauchman 0-0: Called Strike
0-1: Ball
1-1: Foul Ball, location: 2F
1-2: Fielders Choice at 2nd, 6-4 (Groundball, 6, EV 94.4 MPH)
Batting: RHB DJ LeMahieu 0-0: Ball
1-0: Ball
2-0: Ground out 4-3 (Groundball, 34, EV 102.5 MPH)
Bottom of the 2nd over - 0 runs, 1 hit, 0 errors, 1 left on base; Chicago 0 - New York 1
TOP OF THE 3RD
Chicago Cubs batting - Pitching for New York Yankees : LHP James Paxton
Batting: RHB Hernan Perez 0-0: Called Strike
0-1: Ground out 5-3 (Groundball, 5, EV 81.3 MPH)
Batting: LHB Kyle Schwarber 0-0: Foul Ball, location: 2F
0-1: Foul Ball, location: 2F
0-2: Ball
1-2: Foul Ball, location: 2F
1-2: Ball
2-2: Ball
3-2: DOUBLE (Flyball, 8LXD, EV 108.8 MPH)
Batting: RHB Javier Baez 0-0: Reached on error, E1 (Groundball, 15S, EV 69.4 MPH)
Kyle Schwarber scores
Batting: LHB Anthony Rizzo 0-0: Called Strike
0-1: Ball
1-1: Ball
2-1: Foul Ball, location: 2F
2-2: Ball
3-2: Foul Ball, location: 2F
3-2: Base on Balls
Batting: RHB Kris Bryant 0-0: Foul Ball, location: 2F
0-1: Ball
1-1: Ball
2-1: Ball
3-1: Fly out, F9 (Line Drive, 9D, EV 106.3 MPH)
Batting: SHB Victor Caratini 0-0: Called Strike
0-1: Called Strike
0-2: Ball
Wild Pitch!
Javier Baez to third
Anthony Rizzo to second
1-2: Ball
2-2: Ball
3-2: Strikes out looking
Top of the 3rd over - 1 run, 1 hit, 1 error, 2 left on base; Chicago 1 - New York 1
BOTTOM OF THE 3RD
New York Yankees batting - Pitching for Chicago Cubs : RHP Yu Darvish
Batting: RHB Gleyber Torres 0-0: Ball
1-0: Foul Ball, location: 2F
1-1: Foul Ball, location: 2F
1-2: Ball
2-2: Ground out 6-3 (Groundball, 6S, EV 83.1 MPH)
Batting: RHB Giancarlo Stanton 0-0: Called Strike
0-1: Called Strike
0-2: Strikes out looking
Batting: LHB Mike Ford 0-0: Ball
1-0: Fly out, F6 (Popup, 6, EV 62.5 MPH)
Bottom of the 3rd over - 0 runs, 0 hits, 0 errors, 0 left on base; Chicago 1 - New York 1
TOP OF THE 4TH
Chicago Cubs batting - Pitching for New York Yankees : LHP James Paxton
Batting: LHB Jason Heyward 0-0: Called Strike
0-1: Ball
1-1: Ground out 4-3 (Groundball, 34, EV 86.9 MPH)
Batting: LHB Jason Kipnis 0-0: Ground out 4-3 (Groundball, 4S, EV 91.3 MPH)
Batting: RHB David Bote 0-0: Ball
1-0: Swinging Strike
1-1: Bunt for hit to 13 - play at first, batter safe!
Batting: RHB Hernan Perez 0-0: Fly out, F9 (Flyball, 89D, EV 109.4 MPH)
Top of the 4th over - 0 runs, 1 hit, 0 errors, 1 left on base; Chicago 1 - New York 1
BOTTOM OF THE 4TH
New York Yankees batting - Pitching for Chicago Cubs : RHP Yu Darvish
Batting: RHB Aaron Judge 0-0: Called Strike
0-1: Ball
1-1: Ball
2-1: Foul Ball, location: 2F
2-2: Strikes out swinging
Batting: RHB Luke Voit 0-0: Ball
1-0: Swinging Strike
1-1: Called Strike
1-2: Ball
2-2: Foul Ball, location: 2F
2-2: Ball
3-2: Base on Balls
Batting: RHB Gary Sanchez 0-0: SINGLE (Groundball, 6MD, EV 102.5 MPH)
Luke Voit to second
Batting: RHB Miguel Andujar 0-0: Foul Ball, location: 2F
0-1: Fly out, F9 (Flyball, 9S, EV 76.9 MPH)
Batting: LHB Mike Tauchman 0-0: Called Strike
0-1: Foul Ball, location: 2F
0-2: Ball
1-2: Ground out U3 (Groundball, 3, EV 85.6 MPH)
Bottom of the 4th over - 0 runs, 1 hit, 0 errors, 2 left on base; Chicago 1 - New York 1
TOP OF THE 5TH
Chicago Cubs batting - Pitching for New York Yankees : LHP James Paxton
Batting: LHB Kyle Schwarber 0-0: Foul Ball, location: 2F
0-1: Swinging Strike
0-2: Foul Ball, location: 2F
0-2: Ball
1-2: Foul Ball, location: 2F
1-2: Strikes out swinging
Batting: RHB Javier Baez 0-0: Ball
1-0: Ground out 6-3 (Groundball, 6, EV 87.5 MPH)
Batting: LHB Anthony Rizzo 0-0: Fly out, F8 (Flyball, 8RXD, EV 103.1 MPH)
Top of the 5th over - 0 runs, 0 hits, 0 errors, 0 left on base; Chicago 1 - New York 1
BOTTOM OF THE 5TH
New York Yankees batting - Pitching for Chicago Cubs : RHP Yu Darvish
Batting: RHB DJ LeMahieu 0-0: Called Strike
0-1: Foul Ball, location: 2F
0-2: Ball
1-2: Strikes out swinging
Batting: RHB Gleyber Torres 0-0: Ball
1-0: Foul Ball, location: 2F
1-1: Ball
2-1: Called Strike
2-2: Ball
3-2: Strikes out swinging, 2-3 out at first.
Batting: RHB Giancarlo Stanton 0-0: Foul Ball, location: 2F
0-1: Ball
1-1: Ball
2-1: Fly out, F9 (Flyball, 89XD, EV 95.0 MPH)
Bottom of the 5th over - 0 runs, 0 hits, 0 errors, 0 left on base; Chicago 1 - New York 1
TOP OF THE 6TH
Chicago Cubs batting - Pitching for New York Yankees : LHP James Paxton
Batting: RHB Kris Bryant 0-0: Called Strike
0-1: SINGLE (Line Drive, 7LS, EV 93.1 MPH)
Batting: SHB Victor Caratini 0-0: Ball
1-0: Ball
2-0: Called Strike
2-1: Foul Ball, location: 2F
2-2: Strikes out swinging
Batting: LHB Jason Heyward 0-0: Foul Ball, location: 2F
0-1: Ground out U3 (Groundball, 34S, EV 78.1 MPH)
Kris Bryant to second
Batting: LHB Jason Kipnis 0-0: Ball
1-0: Foul Ball, location: 2F
1-1: Foul Ball, location: 2F
1-2: Strikes out swinging
Top of the 6th over - 0 runs, 1 hit, 0 errors, 1 left on base; Chicago 1 - New York 1
BOTTOM OF THE 6TH
New York Yankees batting - Pitching for Chicago Cubs : RHP Yu Darvish
Batting: LHB Mike Ford 0-0: Foul Ball, location: 2F
0-1: Foul Ball, location: 2F
0-2: Ball
1-2: Ball
2-2: Strikes out swinging
Batting: RHB Aaron Judge 0-0: Ball
1-0: Foul Ball, location: 2F
1-1: Fly out, F1 (Popup, 15, EV 72.5 MPH)
Batting: RHB Luke Voit 0-0: Ball
1-0: Ball
2-0: Called Strike
2-1: Called Strike
2-2: Foul Ball, location: 2F
2-2: Foul Ball, location: 2F
2-2: Fly out, F3 (Popup, 3F, EV 76.3 MPH)
Bottom of the 6th over - 0 runs, 0 hits, 0 errors, 0 left on base; Chicago 1 - New York 1
TOP OF THE 7TH
Chicago Cubs batting - Pitching for New York Yankees : LHP James Paxton
Batting: RHB David Bote 0-0: Ball
1-0: Ball
2-0: SINGLE (Groundball, 6MD, EV 100.0 MPH)
Pitching: LHP Zack Britton
Batting: RHB Hernan Perez 0-0: Ball
1-0: DOUBLE (Groundball, 5L, EV 105.0 MPH)
David Bote to third
Runner from 3rd tries for Home, SAFE, throw by LF to trailing runner, SAFE at third!
Batting: LHB Kyle Schwarber 0-0: Foul Ball, location: 2F
0-1: Foul Ball, location: 2F
0-2: Foul Ball, location: 2F
0-2: Strikes out swinging
Batting: RHB Javier Baez 0-0: Intentional Walk
Batting: LHB Anthony Rizzo 0-0: Called Strike
0-1: Ball
1-1: Called Strike
1-2: Foul Ball, location: 2F
1-2: Ball
Javier Baez steals 2nd base
2-2: Foul Ball, location: 2F
2-2: Fly out, F9 (Flyball, 89M, EV 90.0 MPH)
Runner from 3rd tags up, SCORES, throw by RF
Batting: RHB Kris Bryant 0-0: Ball
1-0: Swinging Strike
1-1: Foul Ball, location: 2F
1-2: Strikes out looking
Top of the 7th over - 2 runs, 2 hits, 0 errors, 1 left on base; Chicago 3 - New York 1
BOTTOM OF THE 7TH
New York Yankees batting - Pitching for Chicago Cubs : RHP Yu Darvish
Pitching: LHP Brad Wieck
Batting: RHB Gary Sanchez 0-0: Called Strike
0-1: Ball
1-1: Foul Ball, location: 2F
1-2: Ball
2-2: Strikes out swinging
Batting: RHB Miguel Andujar 0-0: Called Strike
0-1: Ground out 6-3 (Groundball, 6, EV 83.8 MPH)
Batting: LHB Mike Tauchman 0-0: Ball
1-0: Swinging Strike
1-1: SOLO HOME RUN (Flyball, 89XD, EV 110.6 MPH), Distance : 441 ft
Batting: RHB DJ LeMahieu 0-0: Called Strike
0-1: Swinging Strike
0-2: Foul Ball, location: 2F
0-2: Strikes out swinging
Bottom of the 7th over - 1 run, 1 hit, 0 errors, 0 left on base; Chicago 3 - New York 2
TOP OF THE 8TH
Chicago Cubs batting - Pitching for New York Yankees : LHP Zack Britton
Batting: SHB Victor Caratini 0-0: Ball
1-0: Called Strike
1-1: Ball
2-1: Swinging Strike
2-2: Strikes out swinging
Batting: LHB Jason Heyward 0-0: Called Strike
0-1: Ball
1-1: Foul Ball, location: 2F
1-2: Foul Ball, location: 2F
1-2: Foul Ball, location: 2F
1-2: Foul Ball, location: 2F
1-2: Foul Ball, location: 2F
1-2: Ball
2-2: Ground out 4-3 (Groundball, 34S, EV 85.0 MPH)
Pitching: RHP Chad Green
Batting: LHB Jason Kipnis 0-0: Called Strike
0-1: Ball
1-1: Fly out, F5 (Line Drive, 5, EV 71.9 MPH)
Top of the 8th over - 0 runs, 0 hits, 0 errors, 0 left on base; Chicago 3 - New York 2
BOTTOM OF THE 8TH
New York Yankees batting - Pitching for Chicago Cubs : LHP Brad Wieck
Batting: RHB Gleyber Torres 0-0: Called Strike
0-1: Ball
1-1: Ball
2-1: Swinging Strike
2-2: SINGLE (Line Drive, 7S, EV 111.9 MPH)
Pitching: RHP Jeremy Jeffress
Batting: RHB Giancarlo Stanton 0-0: Swinging Strike
0-1: Foul Ball, location: 2F
0-2: Foul Ball, location: 2F
0-2: Foul Ball, location: 2F
0-2: Ball
1-2: Foul Ball, location: 2F
1-2: Foul Ball, location: 2F
1-2: Strikes out swinging
Batting: LHB Mike Ford 0-0: Foul Ball, location: 2F
0-1: Ball
1-1: Ball
2-1: SINGLE (Line Drive, 34, EV 110.6 MPH)
Gleyber Torres to second
Batting: RHB Aaron Judge 0-0: Ball
1-0: Ball
2-0: Called Strike
2-1: SINGLE (Line Drive, 8RS, EV 95.6 MPH)
Gleyber Torres to third
Mike Ford to second
Runner from 3rd tries for Home, SAFE, throw by RF to home
Now in RF: Matt Joyce
Batting: RHB Luke Voit 0-0: Ball
1-0: Ball
2-0: Called Strike
2-1: Called Strike
2-2: Strikes out looking
Batting: RHB Gary Sanchez 0-0: Ball
1-0: Fly out, F9 (Flyball, 89M, EV 86.3 MPH)
Bottom of the 8th over - 1 run, 3 hits, 0 errors, 2 left on base; Chicago 3 - New York 3
TOP OF THE 9TH
Chicago Cubs batting - Pitching for New York Yankees : RHP Chad Green
Pitching: LHP Aroldis Chapman
Batting: RHB David Bote 0-0: Ball
1-0: Foul Ball, location: 2F
1-1: Ball
2-1: Ground out 6-3 (Groundball, 6, EV 102.5 MPH)
Pitching: RHP Tommy Kahnle
Batting: LHB Matt Joyce 0-0: Swinging Strike
0-1: Ball
1-1: Swinging Strike
1-2: Ball
2-2: Strikes out looking
Batting: LHB Kyle Schwarber 0-0: Foul Ball, location: 2F
0-1: Ball
1-1: Foul Ball, location: 2F
1-2: Foul Ball, location: 2F
1-2: Strikes out looking
Top of the 9th over - 0 runs, 0 hits, 0 errors, 0 left on base; Chicago 3 - New York 3
BOTTOM OF THE 9TH
New York Yankees batting - Pitching for Chicago Cubs : RHP Jeremy Jeffress
Batting: RHB Miguel Andujar 0-0: Swinging Strike
0-1: Called Strike
0-2: Ball
1-2: Ball
2-2: Ball
3-2: DOUBLE (Line Drive, 7LM, EV 108.8 MPH)
Pitching: RHP Zac Grotz
Batting: LHB Mike Tauchman 0-0: Called Strike
0-1: Ball
1-1: Ball
2-1: Fly out, F7 (Flyball, 78D, EV 80.0 MPH)
Runner from 2nd tags up, SAFE at 3rd with throw by LF
Batting: RHB DJ LeMahieu 0-0: Ball
1-0: Called Strike
1-1: Ball
2-1: Fly out, F8 (Line Drive, 8RD, EV 99.4 MPH)
Runner from 3rd tags up, SCORES, throw by CF
Bottom of the 9th over - 1 run, 1 hit, 0 errors, 0 left on base; Chicago 3 - New York 4
Thursday, July 2nd, 2020 - OOTP Baseball 21.4 Build 63